| TOP OF THE 1ST |
|
Cincinnati Reds batting - Pitching for Milwaukee Brewers : RHP Mekonen Mahfudh
|
|
Pitching: RHP Mekonen Mahfudh
|
|
|
Batting: LHB Sean Geisler
|
0-0: Called Strike 0-1: Foul Ball, location: 2F 0-2: Ball 1-2: Fly out, F9 (Flyball, 9LM, EV 92.5 MPH)
|
|
Batting: SHB Dave Barefoot
|
0-0: Ground out 5-3 (Groundball, 6, EV 85.0 MPH)
|
|
Batting: LHB Jake Bill
|
0-0: Swinging Strike 0-1: Swinging Strike 0-2: Ball 1-2: Foul Ball, location: 2F 1-2: Ball 2-2: Ball 3-2: Base on Balls
|
|
Batting: LHB Jesus Lozano
|
0-0: Ball 1-0: Ball 2-0: Ball 3-0: Called Strike 3-1: Ground out U3 (Groundball, 34, EV 92.5 MPH)
|
| Top of the 1st over - 0 runs, 0 hits, 0 errors, 1 left on base; Cincinnati 0 - Milwaukee 0 |
| TOP OF THE 2ND |
|
Cincinnati Reds batting - Pitching for Milwaukee Brewers : RHP Mekonen Mahfudh
|
|
Batting: SHB Saulo Maina
|
0-0: Ball 1-0: Called Strike 1-1: Ball 2-1: Ball 3-1: Called Strike 3-2: SINGLE (Groundball, 3D, EV 94.4 MPH)
|
|
Batting: RHB Fred Slade
|
0-0: Ball 1-0: Called Strike 1-1: Ball 2-1: Fielders Choice at 2nd, 5-4 (Groundball, 56, EV 108.8 MPH)
|
|
Batting: LHB Andy Arbuckle
|
0-0: Foul Ball, location: 2F 0-1: Ball 1-1: Grounds into double play, 6-4-3 (Groundball, 6, EV 100.0 MPH)
|
| Top of the 2nd over - 0 runs, 1 hit, 0 errors, 0 left on base; Cincinnati 0 - Milwaukee 0 |
| BOTTOM OF THE 2ND |
|
Milwaukee Brewers batting - Pitching for Cincinnati Reds : RHP Timmy John Aaron-Lee Frank Silveira
|
|
Batting: RHB Adriaan Pieters
|
0-0: Foul Ball, location: 2F 0-1: Ball 1-1: Ball 2-1: Foul Ball, location: 2F 2-2: Ball 3-2: SINGLE (Flyball, 89S, EV 87.5 MPH)
|
|
Batting: RHB Akitada Nishizawa
|
0-0: Called Strike 0-1: Swinging Strike 0-2: Strikes out swinging
|
|
Batting: LHB Jeff Taylor
|
0-0: Ball 1-0: Ground out 4-3 (Groundball, 34D, EV 101.9 MPH) Adriaan Pieters to second
|
|
Batting: RHB Kisho Ito
|
0-0: Ball 1-0: Ball 2-0: Ground out 6-3 (Groundball, 6S, EV 78.1 MPH)
|
| Bottom of the 2nd over - 0 runs, 1 hit, 0 errors, 1 left on base; Cincinnati 0 - Milwaukee 0 |
| TOP OF THE 3RD |
|
Cincinnati Reds batting - Pitching for Milwaukee Brewers : RHP Mekonen Mahfudh
|
|
Batting: LHB Jon Ledesma
|
0-0: Ball 1-0: Ball 2-0: Ground out 4-3 (Groundball, 4, EV 88.1 MPH)
|
|
Batting: LHB Satoru Handa
|
0-0: Ball 1-0: Ball 2-0: SINGLE (Line Drive, 5D, EV 100.0 MPH)
|
|
Batting: LHB Sean Geisler
|
0-0: Called Strike 0-1: Ball 1-1: Ball 2-1: Foul Ball, location: 2F 2-2: SINGLE (Line Drive, 7S, EV 108.1 MPH) Satoru Handa to second
|
|
Batting: SHB Dave Barefoot
|
0-0: Called Strike 0-1: Ball 1-1: Fly out, F4 (Flyball, 34D, EV 89.4 MPH)
|
|
Batting: LHB Jake Bill
|
0-0: Ball 1-0: Ball 2-0: Foul Ball, location: 2F 2-1: Ball 3-1: Called Strike 3-2: SINGLE (Line Drive, 9S, EV 93.1 MPH) Satoru Handa to third Sean Geisler to second Satoru Handa scores Sean Geisler to third
|
|
Batting: LHB Jesus Lozano
|
0-0: Ball 1-0: Foul Ball, location: 2F 1-1: Ball 2-1: SINGLE (Groundball, 56D, EV 94.4 MPH) Sean Geisler scores Jake Bill to second
|
|
Batting: SHB Saulo Maina
|
0-0: Called Strike 0-1: Foul Ball, location: 2F 0-2: Foul Ball, location: 2F 0-2: Ball 1-2: Strikes out swinging
|
| Top of the 3rd over - 2 runs, 4 hits, 0 errors, 2 left on base; Cincinnati 2 - Milwaukee 0 |
| BOTTOM OF THE 3RD |
|
Milwaukee Brewers batting - Pitching for Cincinnati Reds : RHP Timmy John Aaron-Lee Frank Silveira
|
|
Batting: RHB Ben Campbell
|
0-0: SINGLE (Groundball, 56D, EV 100.0 MPH)
|
|
Batting: SHB Pat Wilson
|
0-0: Called Strike 0-1: Fielders Choice at 2nd, 1-4 (Groundball, 15S, EV 64.4 MPH)
|
|
Batting: RHB Adrian Rudkilde
|
0-0: Ball 1-0: Ball 2-0: Foul Ball, location: 2F 2-1: SINGLE (Groundball, 6MD, EV 102.5 MPH) Pat Wilson to second Runner from 2nd tries for 3rd, SAFE, no throw by CF
|
|
Batting: SHB Jason Woods
|
0-0: Ball 1-0: Ball 2-0: Called Strike 2-1: Called Strike 2-2: Foul Ball, location: 2F 2-2: Ball 3-2: Base on Balls Adrian Rudkilde to second
|
|
Batting: LHB Tetsuya Oba
|
0-0: DOUBLE (Line Drive, 7LS, EV 90.0 MPH) Pat Wilson scores Adrian Rudkilde scores Jason Woods to third Runner from 3rd tries for Home, SAFE, throw by LF to home
|
|
Batting: RHB Adriaan Pieters
|
0-0: Ball 1-0: Ball 2-0: Called Strike 2-1: Ball 3-1: Base on Balls
|
|
Batting: RHB Akitada Nishizawa
|
0-0: Called Strike 0-1: Swinging Strike 0-2: Strikes out swinging
|
|
Batting: LHB Jeff Taylor
|
0-0: Called Strike 0-1: Ball 1-1: Foul Ball, location: 2F 1-2: SINGLE (Line Drive, 78S, EV 99.4 MPH) Tetsuya Oba to third Adriaan Pieters to second Runner from 3rd tries for Home, SAFE, throw by LF to home
|
|
Batting: RHB Kisho Ito
|
0-0: Called Strike 0-1: Ground out 4-3 (Groundball, 34, EV 100.6 MPH)
|
| Bottom of the 3rd over - 4 runs, 4 hits, 0 errors, 2 left on base; Cincinnati 2 - Milwaukee 4 |
| TOP OF THE 4TH |
|
Cincinnati Reds batting - Pitching for Milwaukee Brewers : RHP Mekonen Mahfudh
|
|
Batting: RHB Fred Slade
|
0-0: Ground out 5-3 (Groundball, 56, EV 103.1 MPH)
|
|
Batting: LHB Andy Arbuckle
|
0-0: Ball 1-0: Foul Ball, location: 2F 1-1: Ball 2-1: Ball 3-1: Base on Balls
|
|
Batting: LHB Jon Ledesma
|
0-0: Ball Andy Arbuckle steals 2nd base 1-0: Reached on error, E4 (Groundball, 4, EV 101.2 MPH) Andy Arbuckle scores
|
|
Batting: LHB Satoru Handa
|
0-0: Called Strike 0-1: Called Strike 0-2: Fly out, F7 (Line Drive, 7, EV 86.2 MPH)
|
|
Batting: LHB Sean Geisler
|
0-0: Ball 1-0: Ball 2-0: Ball 3-0: SINGLE (Groundball, 4MD, EV 94.4 MPH) Jon Ledesma to third Runner from 3rd tries for Home, SAFE, throw by CF to home
|
|
Batting: SHB Dave Barefoot
|
0-0: Ball Sean Geisler steals 2nd base 1-0: Called Strike 1-1: Ball 2-1: SINGLE (Groundball, 4MD, EV 101.9 MPH) Sean Geisler to third Runner from 3rd tries for Home, SAFE, throw by CF to home
|
|
Batting: LHB Jake Bill
|
0-0: Fly out, F8 (Flyball, 8LM, EV 91.2 MPH)
|
| Top of the 4th over - 3 runs, 2 hits, 1 error, 1 left on base; Cincinnati 5 - Milwaukee 4 |
| BOTTOM OF THE 4TH |
|
Milwaukee Brewers batting - Pitching for Cincinnati Reds : RHP Timmy John Aaron-Lee Frank Silveira
|
|
Batting: RHB Ben Campbell
|
0-0: Ball 1-0: Fly out, F8 (Flyball, 8RM, EV 85.6 MPH)
|
|
Batting: SHB Pat Wilson
|
0-0: Foul Ball, location: 2F 0-1: Swinging Strike 0-2: Ball 1-2: Foul Ball, location: 2F 1-2: Foul Ball, location: 2F 1-2: Foul Ball, location: 2F 1-2: Foul Ball, location: 2F 1-2: Foul Ball, location: 2F 1-2: Ball 2-2: Ball 3-2: Foul Ball, location: 2F 3-2: Base on Balls
|
|
Batting: RHB Adrian Rudkilde
|
0-0: Called Strike 0-1: Called Strike 0-2: Ball 1-2: Ball 2-2: SINGLE (Line Drive, 6D, EV 94.4 MPH) Pat Wilson to second
|
|
Batting: SHB Jason Woods
|
0-0: Called Strike 0-1: Foul Ball, location: 2F 0-2: Strikes out looking
|
|
Batting: LHB Tetsuya Oba
|
0-0: Ground out 4-3 (Groundball, 4, EV 86.2 MPH)
|
| Bottom of the 4th over - 0 runs, 1 hit, 0 errors, 2 left on base; Cincinnati 5 - Milwaukee 4 |
| TOP OF THE 5TH |
|
Cincinnati Reds batting - Pitching for Milwaukee Brewers : RHP Mekonen Mahfudh
|
|
Batting: LHB Jesus Lozano
|
0-0: SINGLE (Groundball, 4D, EV 103.1 MPH)
|
|
Batting: SHB Saulo Maina
|
0-0: Called Strike 0-1: Fielders Choice at 2nd, 6-4 (Groundball, 6D, EV 79.4 MPH)
|
|
Batting: RHB Fred Slade
|
0-0: Ball 1-0: Foul Ball, location: 2F 1-1: Called Strike 1-2: Ground out 5-3 (Groundball, 56S, EV 90.0 MPH) Saulo Maina to second
|
|
Batting: LHB Andy Arbuckle
|
0-0: Ball 1-0: Ball 2-0: Called Strike 2-1: Called Strike 2-2: 2-RUN HOME RUN (Flyball, 9LD, EV 100.0 MPH), Distance : 372 ft
|
|
Pitching: RHP Jose Avila
|
|
|
Batting: LHB Jon Ledesma
|
0-0: Called Strike 0-1: Ground out U3 (Groundball, 3, EV 102.5 MPH)
|
| Top of the 5th over - 2 runs, 2 hits, 0 errors, 0 left on base; Cincinnati 7 - Milwaukee 4 |
| BOTTOM OF THE 5TH |
|
Milwaukee Brewers batting - Pitching for Cincinnati Reds : RHP Timmy John Aaron-Lee Frank Silveira
|
|
Batting: RHB Adriaan Pieters
|
0-0: Called Strike 0-1: Called Strike 0-2: Ball 1-2: Ball 2-2: Ball 3-2: Strikes out swinging
|
|
Batting: RHB Akitada Nishizawa
|
0-0: Ground out 5-3 (Groundball, 5, EV 106.2 MPH)
|
|
Batting: LHB Jeff Taylor
|
0-0: Called Strike 0-1: Swinging Strike 0-2: Ball 1-2: Strikes out swinging
|
| Bottom of the 5th over - 0 runs, 0 hits, 0 errors, 0 left on base; Cincinnati 7 - Milwaukee 4 |
| TOP OF THE 6TH |
|
Cincinnati Reds batting - Pitching for Milwaukee Brewers : RHP Jose Avila
|
|
Batting: LHB Satoru Handa
|
0-0: Foul Ball, location: 2F 0-1: Ball 1-1: Ball 2-1: Ground out 6-3 (Groundball, 6S, EV 64.4 MPH)
|
|
Batting: LHB Sean Geisler
|
0-0: Called Strike 0-1: Swinging Strike 0-2: Strikes out swinging
|
|
Batting: SHB Dave Barefoot
|
0-0: Ground out 1-3 (Groundball, 34S, EV 65.0 MPH)
|
| Top of the 6th over - 0 runs, 0 hits, 0 errors, 0 left on base; Cincinnati 7 - Milwaukee 4 |
| BOTTOM OF THE 6TH |
|
Milwaukee Brewers batting - Pitching for Cincinnati Reds : RHP Timmy John Aaron-Lee Frank Silveira
|
|
Batting: RHB Kisho Ito
|
0-0: Called Strike 0-1: Swinging Strike 0-2: Strikes out swinging
|
|
Batting: RHB Ben Campbell
|
0-0: Ball 1-0: Ball 2-0: Called Strike 2-1: SINGLE (Groundball, 34D, EV 97.5 MPH)
|
|
Batting: SHB Pat Wilson
|
0-0: Called Strike 0-1: Foul Ball, location: 2F 0-2: Ball 1-2: Foul Ball, location: 2F 1-2: Ball 2-2: SINGLE (Line Drive, 9S, EV 91.9 MPH) Ben Campbell to second Runner from 2nd tries for 3rd, SAFE, throw by RF made to third
|
|
Batting: RHB Adrian Rudkilde
|
0-0: Ball 1-0: SINGLE (Groundball, 13S, EV 65.6 MPH) (infield hit) Pat Wilson to second
|
|
Batting: SHB Jason Woods
|
0-0: Called Strike 0-1: Ball 1-1: SINGLE (Flyball, 34D, EV 100.0 MPH) Ben Campbell scores Pat Wilson to third Adrian Rudkilde to second
|
|
Pitching: LHP David James
|
|
|
Pinch Hitting: RHB Noah Stanley
|
0-0: Fly out, F9 (Flyball, 9D, EV 100.0 MPH) Runner from 3rd tags up, SCORES, throw by RF Adrian Rudkilde to third
|
|
Batting: RHB Adriaan Pieters
|
0-0: Foul Ball, location: 2F 0-1: Called Strike 0-2: Ball 1-2: Ball 2-2: Foul Ball, location: 2F 2-2: Foul Ball, location: 2F 2-2: Foul Ball, location: 2F 2-2: Fly out, F8 (Flyball, 8RM, EV 90.0 MPH)
|
| Bottom of the 6th over - 2 runs, 4 hits, 0 errors, 2 left on base; Cincinnati 7 - Milwaukee 6 |
| TOP OF THE 7TH |
|
Cincinnati Reds batting - Pitching for Milwaukee Brewers : RHP Jose Avila
|
|
Now at 1B: Noah Stanley
|
|
|
Batting: LHB Jake Bill
|
0-0: Ground out 6-3 (Groundball, 6S, EV 93.8 MPH)
|
|
Batting: LHB Jesus Lozano
|
0-0: Ball 1-0: Swinging Strike 1-1: Ball 2-1: Called Strike 2-2: DOUBLE (Groundball, 3L, EV 106.9 MPH)
|
|
Batting: SHB Saulo Maina
|
0-0: Ball 1-0: Ground out 3-1 (Groundball, 34, EV 83.1 MPH) Jesus Lozano to third
|
|
Batting: RHB Fred Slade
|
0-0: Ball 1-0: Ground out 1-3 (Groundball, 15S, EV 61.2 MPH)
|
| Top of the 7th over - 0 runs, 1 hit, 0 errors, 1 left on base; Cincinnati 7 - Milwaukee 6 |
| BOTTOM OF THE 7TH |
|
Milwaukee Brewers batting - Pitching for Cincinnati Reds : LHP David James
|
|
Batting: RHB Akitada Nishizawa
|
0-0: Foul Ball, location: 2F 0-1: Fly out, F9 (Flyball, 9, EV 98.8 MPH)
|
|
Pinch Hitting: RHB Daniel Donovan
|
0-0: SOLO HOME RUN (Flyball, 78XD, EV 100.6 MPH), Distance : 407 ft
|
|
Batting: RHB Kisho Ito
|
0-0: Ball 1-0: Called Strike 1-1: Fly out, F8 (Flyball, 8LS, EV 77.5 MPH)
|
|
Batting: RHB Ben Campbell
|
0-0: Ball 1-0: Called Strike 1-1: Ball 2-1: Ball 3-1: Foul Ball, location: 2F 3-2: Base on Balls
|
|
Batting: SHB Pat Wilson
|
0-0: Ball 1-0: Foul Ball, location: 2F 1-1: Ball 2-1: Ball 3-1: Foul Ball, location: 2F 3-2: Foul Ball, location: 2F 3-2: Strikes out swinging
|
| Bottom of the 7th over - 1 run, 1 hit, 0 errors, 1 left on base; Cincinnati 7 - Milwaukee 7 |
| TOP OF THE 8TH |
|
Cincinnati Reds batting - Pitching for Milwaukee Brewers : RHP Jose Avila
|
|
Pitching: RHP Willie Felix
|
|
|
Now at 3B: Adriaan Pieters
|
|
|
Now in RF: Daniel Donovan
|
|
|
Batting: LHB Andy Arbuckle
|
0-0: Ball 1-0: Ball 2-0: Foul Ball, location: 2F 2-1: Ball 3-1: Base on Balls
|
|
Batting: LHB Jon Ledesma
|
0-0: Ball 1-0: Sac Bunt to P - play at first, batter OUT! 1-4 Andy Arbuckle to second
|
|
Batting: LHB Satoru Handa
|
0-0: Called Strike 0-1: Ball Andy Arbuckle steals 3rd base 1-1: Foul Ball, location: 2F 1-2: Ball 2-2: Ball 3-2: Foul Ball, location: 2F 3-2: Base on Balls
|
|
Batting: LHB Sean Geisler
|
0-0: Called Strike 0-1: Ball Wild Pitch! Andy Arbuckle scores Satoru Handa to second 1-1: Intentional Walk
|
|
Batting: SHB Dave Barefoot
|
0-0: Called Strike 0-1: Called Strike 0-2: Foul Ball, location: 2F 0-2: Ball 1-2: Strikes out looking
|
|
Batting: LHB Jake Bill
|
0-0: Called Strike 0-1: Foul Ball, location: 2F 0-2: Ball 1-2: Ball 2-2: Fly out, F7 (Line Drive, 7, EV 99.4 MPH)
|
| Top of the 8th over - 1 run, 0 hits, 0 errors, 2 left on base; Cincinnati 8 - Milwaukee 7 |
| BOTTOM OF THE 8TH |
|
Milwaukee Brewers batting - Pitching for Cincinnati Reds : LHP David James
|
|
Pitching: RHP Juan Barroso
|
|
|
Batting: RHB Adrian Rudkilde
|
0-0: Called Strike 0-1: Ball 1-1: Swinging Strike 1-2: Ball 2-2: Strikes out swinging
|
|
Batting: SHB Jason Woods
|
0-0: Ball 1-0: Called Strike 1-1: SINGLE (Groundball, P, EV 85.6 MPH) (infield hit)
|
|
Pinch Hitting: SHB Jean-François Bernard
|
0-0: Ball 1-0: Fly out, F7 (Flyball, 78M, EV 90.6 MPH)
|
|
Pinch Hitting: LHB Jeremy Kuiper
|
0-0: Ball 1-0: Foul Ball, location: 2F 1-1: Ball 2-1: Ball 3-1: Called Strike 3-2: Fly out, F7 (Flyball, 7D, EV 101.9 MPH)
|
| Bottom of the 8th over - 0 runs, 1 hit, 0 errors, 1 left on base; Cincinnati 8 - Milwaukee 7 |
| TOP OF THE 9TH |
|
Cincinnati Reds batting - Pitching for Milwaukee Brewers : RHP Willie Felix
|
|
Pitching: LHP Jamie Blake
|
|
|
Now at 1B: Jean-François Bernard
|
|
|
Now at 3B: Yuichi Matsuoka
|
|
|
Batting: LHB Jesus Lozano
|
0-0: Ball 1-0: Ball 2-0: Ball 3-0: Base on Balls
|
|
Batting: SHB Saulo Maina
|
0-0: Ball 1-0: Swinging Strike 1-1: Ball 2-1: Ball 3-1: Swinging Strike 3-2: Fly out, F7 (Flyball, 7S, EV 91.2 MPH)
|
|
Batting: RHB Fred Slade
|
0-0: Called Strike 0-1: Swinging Strike 0-2: Ball 1-2: Ball 2-2: Grounds into double play, 6-4-3 (Groundball, 6, EV 87.5 MPH)
|
| Top of the 9th over - 0 runs, 0 hits, 0 errors, 0 left on base; Cincinnati 8 - Milwaukee 7 |
| BOTTOM OF THE 9TH |
|
Milwaukee Brewers batting - Pitching for Cincinnati Reds : RHP Juan Barroso
|
|
Pitching: LHP Paul Forbes
|
|
|
Now at 3B: Willie Lazcano
|
|
|
Batting: RHB Akitada Nishizawa
|
0-0: Foul Ball, location: 2F 0-1: Ball 1-1: Called Strike 1-2: Foul Ball, location: 2F 1-2: Foul Ball, location: 2F 1-2: Ball 2-2: Foul Ball, location: 2F 2-2: Strikes out swinging
|
|
Batting: RHB Daniel Donovan
|
0-0: Ball 1-0: Called Strike 1-1: Ball 2-1: Swinging Strike 2-2: Ball 3-2: Strikes out swinging
|
|
Batting: RHB Kisho Ito
|
0-0: Called Strike 0-1: Swinging Strike 0-2: Ball 1-2: Ball 2-2: Foul Ball, location: 2F 2-2: Strikes out looking
|
| Bottom of the 9th over - 0 runs, 0 hits, 0 errors, 0 left on base; Cincinnati 8 - Milwaukee 7 |
|